WCHLSIM.com - West Coast Hockey League
html PUBLIC "-//W3C//DTD XHTML 1.0 Transitional//EN" "http://www.w3.org/TR/xhtml1/DTD/xhtml1-transitional.dtd"> WCHL - Game 809 - OAKLAND GORILLAS vs ANCHORAGE ACES

OAKLAND GORILLAS vs ANCHORAGE ACES

Created - 12 février 2020 at 17:18

Goals
1 2 3 T
OAKLAND GORILLAS 0 0 1 1
ANCHORAGE ACES 2 2 2 6
Shots
1 2 3 T
OAKLAND GORILLAS 6 6 8 20
ANCHORAGE ACES 11 14 11 36

1st period

1. ANCHORAGE ACES , Jakob Silfverberg 15 (Leon Draisaitl 30, Chris Kreider 22) at 6:15
2. ANCHORAGE ACES , Frank Vatrano 15 (Darnell Nurse 16, Tyler Bozak 9) at 12:48

Penalties :
Jakob Silfverberg (ANC) for Elbowing (Minor) at 0:36, Erik Gudbranson (OAK) for Interference (Minor) at 9:38, Nathan MacKinnon (ANC) for Holding (Minor) at 18:15

2nd period

3. ANCHORAGE ACES , Nathan MacKinnon 35 (Connor McDavid 39, Ryan Suter 28) at 5:45
4. ANCHORAGE ACES , Nathan MacKinnon 36 (Frank Vatrano 13, Jakob Silfverberg 23) at 14:17 (PP)

Penalties :
Brandon Dubinsky (OAK) for Holding (Minor) at 1:25, John Moore (OAK) for Hooking (Minor) at 13:00

3rd period

5. OAKLAND GORILLAS , Jakob Chychrun 5 (Nico Hischier 20, Jimmy Vesey 22) at 0:22
6. ANCHORAGE ACES , Leon Draisaitl 31 (Jakob Silfverberg 24, Deryk Engelland 12) at 5:39
7. ANCHORAGE ACES , Nathan MacKinnon 37 (Jakob Silfverberg 25, Ben Chiarot 11) at 17:07 (PP)

Penalties :
Jacob Trouba (ANC) for Boarding (Minor) at 14:09, Jakob Chychrun (OAK) for Hooking (Minor) at 16:39, Nate Thompson (ANC) for Hooking (Minor) at 18:32, Cedric Paquette (OAK) for Interference (Minor) at 19:36

Goalie Stats

Louis Domingue (OAK), 16 saves from 18 shots - (0,889), 25:43 minutes
Tristan Jarry (OAK), 14 saves from 18 shots - (0,778), L, 6-6-0, 34:17 minutes
Martin Jones (ANC), 19 saves from 20 shots - (0,950), W, 33-8-5, 60:00 minutes

Players Stats for OAKLAND GORILLAS

Player Name              G  A  P  +/- PIM S  H  SB GA TA FO     MP     PP MP  PK MP  
------------------------------------------------------------------------------------
Boone Jenner             0  0  0  -1  0   2  0  0  0  0  16/24  19:15   0:00   3:12 
Brady Tkachuk            0  0  0  -1  0   3  2  0  0  0  0/1    21:59   3:25   2:31 
Brandon Dubinsky         0  0  0   0  2   0  0  1  0  0  6/12   12:29   0:00   0:00 
Cedric Paquette          0  0  0   0  2   3  1  0  0  0  6/8    10:41   3:35   0:00 
Erik Gudbranson          0  0  0   0  2   0  0  0  0  0  0/0     2:09   0:00   0:00 
Filip Hronek             0  0  0  -3  0   1  6  0  0  0  0/0    22:53   0:50   1:08 
Ivan Barbashev           0  0  0   0  0   0  0  0  0  0  0/0    12:28   0:00   0:00 
Jakob Chychrun           1  0  1   0  2   1  2  2  0  0  0/0    24:11   3:02   2:39 
James Neal               0  0  0  -1  0   2  0  0  0  0  0/1    20:02   3:36   0:00 
Jimmy Vesey              0  1  1  -2  0   2  1  0  0  0  1/2    18:34   3:25   2:31 
John Moore               0  0  0  -1  2   0  2  0  0  0  0/0    22:48   3:09   2:42 
Jonas Brodin             0  0  0   0  0   2  2  3  0  0  0/0    23:08   3:25   3:03 
Jordan Greenway          0  0  0  -2  0   2  1  0  0  0  1/6    21:39   3:25   0:00 
Nico Hischier            0  1  1  -2  0   1  1  0  0  0  8/19   19:30   3:36   3:12 
Ryan Reaves              0  0  0   0  0   0  0  1  0  0  0/0    12:28   0:00   0:00 
Samuel Girard            0  0  0  -2  0   0  1  0  0  0  0/0    22:46   3:36   1:54 
Valeri Nichushkin        0  0  0   0  0   0  0  0  0  0  0/0     0:00   0:00   0:00 
Wayne Simmonds           0  0  0   0  0   1  0  0  0  0  0/0     6:49   0:00   0:00 

Players Stats for ANCHORAGE ACES

Player Name              G  A  P  +/- PIM S  H  SB GA TA FO     MP     PP MP  PK MP  
------------------------------------------------------------------------------------
Andrew Cogliano          0  0  0   0  0   0  0  0  0  0  0/1     4:29   0:00   0:00 
Ben Chiarot              0  1  1   0  0   3  1  2  0  0  0/0    21:42   3:21   3:36 
Cal Clutterbuck          0  0  0   0  0   0  0  0  0  0  0/1     5:43   0:00   1:14 
Chris Kreider            0  1  1   2  0   4  1  0  0  0  0/1    18:58   3:00   0:00 
Connor McDavid           0  1  1   0  0   5  0  0  0  0  3/4    19:06   3:00   0:00 
Darnell Nurse            0  1  1   2  0   0  4  2  0  0  0/0    20:11   3:21   1:07 
Deryk Engelland          0  1  1   2  0   1  1  1  0  0  0/0    19:08   0:00   3:25 
Frank Vatrano            1  1  2   1  0   3  1  1  0  0  0/0    13:26   2:43   0:00 
Jacob Trouba             0  0  0   1  2   1  1  0  0  0  0/0    21:38   2:22   2:29 
Jakob Silfverberg        1  3  4   2  2   4  0  3  0  0  1/2    22:00   2:43   3:20 
Joonas Donskoi           0  0  0   0  0   1  0  0  0  0  0/0    15:43   0:00   0:00 
Josh Archibald           0  0  0   1  0   0  2  0  0  0  0/1    13:20   0:00   2:37 
Leon Draisaitl           1  1  2   2  0   4  1  0  0  0  12/20  18:58   3:00   0:00 
Nate Thompson            0  0  0   0  2   0  0  0  0  0  3/8     7:05   0:00   2:37 
Nathan MacKinnon         3  0  3   0  2   7  1  0  0  0  8/17   18:48   2:43   0:00 
Niklas Hjalmarsson       0  0  0   0  0   0  0  2  0  0  0/0    18:10   0:00   3:25 
Ryan Suter               0  1  1   1  0   3  2  2  0  0  0/0    19:10   2:22   0:00 
Tyler Bozak              0  1  1   1  0   0  1  0  0  0  8/18   14:57   0:00   4:14 

3 Stars

1 - Jakob Silfverberg (ANC)
2 - Nathan MacKinnon (ANC)
3 - Leon Draisaitl (ANC)

Power Play

OAKLAND GORILLAS - 0 on 4 Attempt(s) - 0,00%
ANCHORAGE ACES - 2 on 5 Attempt(s) - 40,00%

Penalty Kill

OAKLAND GORILLAS - 3 on 5 Attempt(s) - 60,00% - Score 0 goal in Penalty Kill
ANCHORAGE ACES - 4 on 4 Attempt(s) - 100,00% - Score 0 goal in Penalty Kill

Team Stat

OAKLAND GORILLAS - Hits : 19 - Faceoff Wins : 38 - Blocked Shots : 7 - Penalty Minutes : 10
ANCHORAGE ACES - Hits : 16 - Faceoff Wins : 35 - Blocked Shots : 13 - Penalty Minutes : 8

Official

Referees : Dan O'Halloran and Geoff Miller
Linesman : Kyle Allen and Greg Devorski

Game Notes

Erik Gudbranson is injured at 12:27 of 1st period (Sprained Right Knee)
Louis Domingue enters game at 14:17 of 2nd period
Nathan MacKinnon has scored a Hat Trick!

Finance

Level 1 -- Attendance: 6000 (100,00%) -- Ticket Income 810 000 $
Level 2 -- Attendance: 4064 (81,28%) -- Ticket Income 438 912 $
Level 3 -- Attendance: 1635 (81,75%) -- Ticket Income 138 975 $
Level 4 -- Attendance: 4000 (100,00%) -- Ticket Income 180 000 $
Luxury Box -- Attendance: 1000 (100,00%) -- Ticket Income 210 000 $
Game was played at the Alaska Center.
Total Attendance: 16699 (92,77%)
Total Ticket Income: 1 777 887 $
Other Income: 533 366 $
Total Income: 2 311 253 $

OAKLAND GORILLAS

5 vs 5 Forward 
   Center                   Left Wing                Right Wing               Time % Phy DF OF 
 1 Boone Jenner             Brady Tkachuk            James Neal               36     1   2  2  
 2 Nico Hischier            Jordan Greenway          Jimmy Vesey              31     1   2  2  
 3 Cedric Paquette          Jordan Greenway          Wayne Simmonds           23     1   2  2  
 4 Brandon Dubinsky         Ivan Barbashev           Ryan Reaves              10     1   2  2  

5 vs 5 Defense 
   Defense                  Defense                                           Time % Phy DF OF 
 1 Jonas Brodin             Jakob Chychrun                                    36     1   2  2  
 2 Filip Hronek             Samuel Girard                                     31     1   2  2  
 3 Erik Gudbranson          John Moore                                        23     1   2  2  
 4 John Moore               Jonas Brodin                                      10     1   2  2  

PowerPlay Forward 
   Center                   Left Wing                Right Wing               Time % Phy DF OF 
 1 Jordan Greenway          Brady Tkachuk            Jimmy Vesey              55     1   2  2  
 2 Nico Hischier            Cedric Paquette          James Neal               45     1   2  2  

PowerPlay Defense
   Defense                  Defense                                           Time % Phy DF OF 
 1 Jonas Brodin             John Moore                                        55     1   2  2  
 2 Jakob Chychrun           Samuel Girard                                     45     1   2  2  

Penalty Kill 4 Players Forward 
   Center                   Wing                     Time % Phy DF OF 
 1 Boone Jenner             Nico Hischier            55     1   2  2  
 2 Brady Tkachuk            Jimmy Vesey              45     1   2  2  

Penalty Kill 4 Players Defense
   Defense                  Defense                  Time % Phy DF OF 
 1 Jonas Brodin             John Moore               55     1   2  2  
 2 Jakob Chychrun           Samuel Girard            45     1   2  2  

Penalty Kill - 3 Players Forward 
   Forward                                           Time % Phy DF OF 
 1 Brady Tkachuk                                     55     1   2  2  
 2 Nico Hischier                                     45     1   2  2  

Penalty Kill - 3 Players Defense
   Defense                  Defense                  Time % Phy DF OF 
 1 Jonas Brodin             John Moore               55     1   2  2  
 2 Jakob Chychrun           Samuel Girard            45     1   2  2  

4 vs 4 Forward 
   Center                   Wing                     Time % Phy DF OF 
 1 James Neal               Nico Hischier            55     1   2  2  
 2 Brady Tkachuk            Jimmy Vesey              45     1   2  2  

4 vs 4 Defense
   Defense                  Defense                  Time % Phy DF OF 
 1 Jonas Brodin             John Moore               55     1   2  2  
 2 Jakob Chychrun           Samuel Girard            45     1   2  2  

Last Minutes Offensive
   Center                   Left Wing                Right Wing               Defense                  Defense                  
   Boone Jenner             Brady Tkachuk            Jimmy Vesey              Jonas Brodin             John Moore               

Last Minutes Defensive
   Center                   Left Wing                Right Wing               Defense                  Defense                  
   Boone Jenner             Brady Tkachuk            Jimmy Vesey              Jonas Brodin             John Moore               

Goaltenders
Starting : Tristan Jarry            
Backup : Louis Domingue           

Extra Forwards
Normal : Jordan Greenway, Ivan Barbashev, Nico Hischier - PP : Jordan Greenway, Ivan Barbashev - PK : Jimmy Vesey
Extra Defensemen
Normal : Erik Gudbranson, Filip Hronek, John Moore - PP : Erik Gudbranson - PK : Filip Hronek, Jonas Brodin
Penalty Shots
Jordan Greenway, Nico Hischier, Brady Tkachuk, Jimmy Vesey, James Neal
Custom OT Lines Forwards
Boone Jenner, Nico Hischier, Brady Tkachuk, Jimmy Vesey, James Neal, Cedric Paquette, Jordan Greenway, Ivan Barbashev, Wayne Simmonds, Brandon Dubinsky
Custom OT Lines Defensemen
Jonas Brodin, John Moore, Jakob Chychrun, Samuel Girard, Erik Gudbranson

Scratches
Matt Benning (Healthy), Nathan Beaulieu (Healthy), Sam Reinhart (Abdominal Strain Injury), Travis Boyd (Healthy), Stefan Noesen (Healthy)
Antti Raanta (Healthy)

ANCHORAGE ACES

5 vs 5 Forward 
   Center                   Left Wing                Right Wing               Time % Phy DF OF 
 1 Nathan MacKinnon         Connor McDavid           Joonas Donskoi           36     0   1  4  
 2 Leon Draisaitl           Chris Kreider            Jakob Silfverberg        34     1   2  2  
 3 Tyler Bozak              Frank Vatrano            Josh Archibald           25     1   3  1  
 4 Nate Thompson            Andrew Cogliano          Cal Clutterbuck          5      1   2  2  

5 vs 5 Defense 
   Defense                  Defense                                           Time % Phy DF OF 
 1 Jacob Trouba             Ryan Suter                                        33     1   2  2  
 2 Darnell Nurse            Deryk Engelland                                   33     1   2  2  
 3 Niklas Hjalmarsson       Ben Chiarot                                       33     1   3  1  
 4 Ryan Suter               Jacob Trouba                                      1      1   3  1  

PowerPlay Forward 
   Center                   Left Wing                Right Wing               Time % Phy DF OF 
 1 Connor McDavid           Chris Kreider            Leon Draisaitl           55     0   1  4  
 2 Nathan MacKinnon         Frank Vatrano            Jakob Silfverberg        45     0   1  4  

PowerPlay Defense
   Defense                  Defense                                           Time % Phy DF OF 
 1 Ryan Suter               Jacob Trouba                                      55     1   2  2  
 2 Darnell Nurse            Ben Chiarot                                       45     1   2  2  

Penalty Kill 4 Players Forward 
   Center                   Wing                     Time % Phy DF OF 
 1 Tyler Bozak              Jakob Silfverberg        55     1   2  2  
 2 Nate Thompson            Josh Archibald           45     1   2  2  

Penalty Kill 4 Players Defense
   Defense                  Defense                  Time % Phy DF OF 
 1 Niklas Hjalmarsson       Deryk Engelland          55     1   3  1  
 2 Ben Chiarot              Jacob Trouba             45     1   3  1  

Penalty Kill - 3 Players Forward 
   Forward                                           Time % Phy DF OF 
 1 Tyler Bozak                                       55     0   5  0  
 2 Nate Thompson                                     45     0   5  0  

Penalty Kill - 3 Players Defense
   Defense                  Defense                  Time % Phy DF OF 
 1 Niklas Hjalmarsson       Deryk Engelland          55     1   4  0  
 2 Darnell Nurse            Ben Chiarot              45     1   4  0  

4 vs 4 Forward 
   Center                   Wing                     Time % Phy DF OF 
 1 Nathan MacKinnon         Connor McDavid           55     1   2  2  
 2 Leon Draisaitl           Tyler Bozak              45     1   2  2  

4 vs 4 Defense
   Defense                  Defense                  Time % Phy DF OF 
 1 Ryan Suter               Jacob Trouba             55     1   2  2  
 2 Darnell Nurse            Ben Chiarot              45     1   2  2  

Last Minutes Offensive
   Center                   Left Wing                Right Wing               Defense                  Defense                  
   Nathan MacKinnon         Leon Draisaitl           Connor McDavid           Ryan Suter               Jacob Trouba             

Last Minutes Defensive
   Center                   Left Wing                Right Wing               Defense                  Defense                  
   Nathan MacKinnon         Leon Draisaitl           Jakob Silfverberg        Niklas Hjalmarsson       Jacob Trouba             

Goaltenders
Starting : Martin Jones             
Backup : James Reimer             

Extra Forwards
Normal : Tyler Bozak, Nathan MacKinnon, Cal Clutterbuck - PP : Nathan MacKinnon, Nate Thompson - PK : Cal Clutterbuck
Extra Defensemen
Normal : Deryk Engelland, Ben Chiarot, Darnell Nurse - PP : Deryk Engelland - PK : Ben Chiarot, Darnell Nurse
Penalty Shots
Connor McDavid, Nathan MacKinnon, Leon Draisaitl, Chris Kreider, Jakob Silfverberg
Custom OT Lines Forwards
Nathan MacKinnon, Connor McDavid, Leon Draisaitl, Chris Kreider, Jakob Silfverberg, Tyler Bozak, Joonas Donskoi, Nate Thompson, Cal Clutterbuck, Josh Archibald
Custom OT Lines Defensemen
Ryan Suter, Jacob Trouba, Darnell Nurse, Ben Chiarot, Niklas Hjalmarsson

Scratches
Braden Christoffer (Healthy), Brendan Woods (Healthy), Frank Hora (Healthy), Jonathan Racine (Healthy), Reid Gardiner (Healthy)
Tom Kuhnhackl (Healthy)

% Time on Ice - OAKLAND GORILLAS

Lines # - Real PCT - Wanted PCT - Time Play
Normal Forward
1 - 34% - 36% - 16:03
2 - 26% - 31% - 12:19
3 - 15% - 23% - 6:49
4 - 25% - 10% - 11:42
Normal Defense
1 - 24% - 36% - 11:10
2 - 33% - 31% - 15:17
3 - 38% - 23% - 17:43
4 - 6% - 10% - 2:43
PP Forward
1 - 49% - 55% - 3:25
2 - 51% - 45% - 3:36
PP Defense
1 - 49% - 55% - 3:25
2 - 51% - 45% - 3:36
PK Forward
1 - 56% - 55% - 3:12
2 - 44% - 45% - 2:31
PK Defense
1 - 61% - 55% - 3:29
2 - 39% - 45% - 2:14
PK3 Forward
1 - 0% - 55%
2 - 0% - 45%
PK3 Defense
1 - 0% - 55%
2 - 0% - 45%
44 Forward
1 - 100% - 55% - 0:23
2 - 0% - 45% - 0:00
44 Defense
1 - 0% - 55% - 0:00
2 - 100% - 45% - 0:23
Last Minute Offensive  - 0:00
Last Minute Defensive  - 0:00
Total
Forward - 60:00
Defense - 60:00

% Time on Ice - ANCHORAGE ACES

Lines # - Real PCT - Wanted PCT - Time Play
Normal Forward
1 - 34% - 36% - 15:43
2 - 34% - 34% - 15:58
3 - 23% - 25% - 10:43
4 - 10% - 5% - 4:29
Normal Defense
1 - 35% - 33% - 16:25
2 - 34% - 33% - 15:43
3 - 31% - 33% - 14:45
4 - 0% - 1% - 0:00
PP Forward
1 - 52% - 55% - 3:00
2 - 48% - 45% - 2:43
PP Defense
1 - 41% - 55% - 2:22
2 - 59% - 45% - 3:21
PK Forward
1 - 63% - 55% - 4:24
2 - 37% - 45% - 2:37
PK Defense
1 - 49% - 55% - 3:25
2 - 51% - 45% - 3:36
PK3 Forward
1 - 0% - 55%
2 - 0% - 45%
PK3 Defense
1 - 0% - 55%
2 - 0% - 45%
44 Forward
1 - 100% - 55% - 0:23
2 - 0% - 45% - 0:00
44 Defense
1 - 100% - 55% - 0:23
2 - 0% - 45% - 0:00
Last Minute Offensive  - 0:00
Last Minute Defensive  - 0:00
Total
Forward - 60:00
Defense - 60:00

Play-by-Play

1st period


0:01 of 1st period - Boone Jenner wins face-off versus Nathan MacKinnon in neutral zone.
0:27 of 1st period - Shot by Connor McDavid.
0:27 of 1st period - Stopped by Tristan Jarry without a rebound.
0:28 of 1st period - Leon Draisaitl wins face-off versus Jordan Greenway in OAKLAND GORILLAS zone.
0:36 of 1st period - Minor Penalty to Jakob Silfverberg for Elbowing.
0:37 of 1st period - Tyler Bozak wins face-off versus Jordan Greenway in ANCHORAGE ACES zone.
0:56 of 1st period - Shot by Jonas Brodin.
0:56 of 1st period - Shot Blocked by Niklas Hjalmarsson.
0:58 of 1st period - Shot by Jonas Brodin.
0:58 of 1st period - Stopped by Martin Jones without a rebound.
0:59 of 1st period - Nico Hischier wins face-off versus Tyler Bozak in ANCHORAGE ACES zone.
2:47 of 1st period - Icing by Jacob Trouba.
2:48 of 1st period - Brandon Dubinsky wins face-off versus Nathan MacKinnon in ANCHORAGE ACES zone.
2:53 of 1st period - Shot by Brandon Dubinsky.
2:53 of 1st period - Shot Misses the Net.
3:26 of 1st period - Off-side.
3:27 of 1st period - Nico Hischier wins face-off versus Jakob Silfverberg in neutral zone.
3:38 of 1st period - Shot by Jimmy Vesey.
3:38 of 1st period - Shot Blocked by Jakob Silfverberg.
3:40 of 1st period - Shot by Jordan Greenway.
3:40 of 1st period - Stopped by Martin Jones without a rebound.
3:41 of 1st period - Boone Jenner wins face-off versus Tyler Bozak in ANCHORAGE ACES zone.
3:50 of 1st period - Shot by James Neal.
3:50 of 1st period - Stopped by Martin Jones without a rebound.
3:51 of 1st period - Leon Draisaitl wins face-off versus Cedric Paquette in ANCHORAGE ACES zone.
4:06 of 1st period - Niklas Hjalmarsson is hit by Cedric Paquette and loses puck.
5:08 of 1st period - Shot by Brady Tkachuk.
5:08 of 1st period - Shot Blocked by Frank Vatrano.
5:43 of 1st period - Shot by Nathan MacKinnon.
5:43 of 1st period - Stopped by Tristan Jarry without a rebound.
5:44 of 1st period - Brandon Dubinsky wins face-off versus Nate Thompson in OAKLAND GORILLAS zone.
6:03 of 1st period - Icing by Samuel Girard.
6:04 of 1st period - Leon Draisaitl wins face-off versus Brandon Dubinsky in OAKLAND GORILLAS zone.
6:05 of 1st period - Shot by Jakob Silfverberg.
6:05 of 1st period - Stopped by Tristan Jarry without a rebound.
6:06 of 1st period - Leon Draisaitl wins face-off versus Nico Hischier in OAKLAND GORILLAS zone.
6:15 of 1st period - Shot by Jakob Silfverberg.
6:15 of 1st period - Goal by Jakob Silfverberg - OAKLAND GORILLAS : 0 - ANCHORAGE ACES : 1.
6:16 of 1st period - Boone Jenner wins face-off versus Nathan MacKinnon in neutral zone.
6:23 of 1st period - Shot by James Neal.
6:23 of 1st period - Shot Blocked by Darnell Nurse.
6:55 of 1st period - Shot by Connor McDavid.
6:55 of 1st period - Stopped by Tristan Jarry with a rebound.
6:57 of 1st period - Shot by Connor McDavid.
6:57 of 1st period - Shot Misses the Net.
7:36 of 1st period - Leon Draisaitl is hit by Filip Hronek.
7:47 of 1st period - Jakob Silfverberg is hit by Filip Hronek and loses puck.
8:01 of 1st period - Icing by Ben Chiarot.
8:02 of 1st period - Brandon Dubinsky wins face-off versus Leon Draisaitl in ANCHORAGE ACES zone.
9:38 of 1st period - Minor Penalty to Erik Gudbranson for Interference.
9:39 of 1st period - Connor McDavid wins face-off versus Boone Jenner in OAKLAND GORILLAS zone.
9:42 of 1st period - Shot by Leon Draisaitl.
9:42 of 1st period - Shot Misses the Net.
9:44 of 1st period - Shot by Ben Chiarot.
9:44 of 1st period - Shot Blocked by Jonas Brodin.
11:28 of 1st period - Icing by Leon Draisaitl.
11:29 of 1st period - Connor McDavid wins face-off versus Boone Jenner in ANCHORAGE ACES zone.
12:26 of 1st period - Erik Gudbranson is hit by Nathan MacKinnon and loses puck.
12:27 of 1st period - Erik Gudbranson from OAKLAND GORILLAS is injured at 12:27 of 1st period (Sprained Right Knee).
12:28 of 1st period - Boone Jenner wins face-off versus Tyler Bozak in OAKLAND GORILLAS zone.
12:48 of 1st period - Shot by Frank Vatrano.
12:48 of 1st period - Goal by Frank Vatrano - OAKLAND GORILLAS : 0 - ANCHORAGE ACES : 2.
12:49 of 1st period - Leon Draisaitl wins face-off versus Brandon Dubinsky in neutral zone.
13:31 of 1st period - Jakob Silfverberg is hit by Filip Hronek and loses puck.
14:21 of 1st period - Shot by Nathan MacKinnon.
14:21 of 1st period - Stopped by Tristan Jarry with a rebound.
14:54 of 1st period - Shot by Brady Tkachuk.
14:54 of 1st period - Stopped by Martin Jones without a rebound.
14:55 of 1st period - Boone Jenner wins face-off versus Tyler Bozak in ANCHORAGE ACES zone.
15:17 of 1st period - Shot by Tyler Bozak.
15:17 of 1st period - Shot Misses the Net.
15:23 of 1st period - Shot by Tyler Bozak.
15:23 of 1st period - Shot Misses the Net.
15:25 of 1st period - Shot by Ben Chiarot.
15:25 of 1st period - Stopped by Tristan Jarry without a rebound.
15:26 of 1st period - Cedric Paquette wins face-off versus Leon Draisaitl in OAKLAND GORILLAS zone.
15:26 of 1st period - Cedric Paquette is hit by Leon Draisaitl.
15:56 of 1st period - Shot by Jakob Silfverberg.
15:56 of 1st period - Deflect By Leon Draisaitl.
15:56 of 1st period - Stopped by Tristan Jarry without a rebound.
15:57 of 1st period - Brandon Dubinsky wins face-off versus Nate Thompson in OAKLAND GORILLAS zone.
16:25 of 1st period - Andrew Cogliano is hit by Jakob Chychrun and loses puck.
16:31 of 1st period - Cal Clutterbuck is hit by John Moore and loses puck.
16:39 of 1st period - Andrew Cogliano is hit by John Moore and loses puck.
17:02 of 1st period - Shot by Connor McDavid.
17:02 of 1st period - Stopped by Tristan Jarry without a rebound.
17:03 of 1st period - Leon Draisaitl wins face-off versus Boone Jenner in OAKLAND GORILLAS zone.
17:59 of 1st period - Shot by Jordan Greenway.
17:59 of 1st period - Shot Misses the Net.
18:01 of 1st period - Shot by Jordan Greenway.
18:01 of 1st period - Shot Blocked by Ryan Suter.
18:03 of 1st period - Shot by Jonas Brodin.
18:03 of 1st period - Stopped by Martin Jones without a rebound.
18:04 of 1st period - Cedric Paquette wins face-off versus Nathan MacKinnon in ANCHORAGE ACES zone.
18:15 of 1st period - Minor Penalty to Nathan MacKinnon for Holding.
18:16 of 1st period - Tyler Bozak wins face-off versus Jimmy Vesey in ANCHORAGE ACES zone.
18:22 of 1st period - Icing by Brady Tkachuk.
18:23 of 1st period - Tyler Bozak wins face-off versus Jordan Greenway in OAKLAND GORILLAS zone.
18:26 of 1st period - Shot by Jakob Silfverberg.
18:26 of 1st period - Shot Misses the Net.
18:28 of 1st period - Shot by Jakob Silfverberg.
18:28 of 1st period - Stopped by Tristan Jarry without a rebound.
18:29 of 1st period - Nico Hischier wins face-off versus Tyler Bozak in OAKLAND GORILLAS zone.
18:33 of 1st period - Icing by James Neal.
18:34 of 1st period - Tyler Bozak wins face-off versus Nico Hischier in OAKLAND GORILLAS zone.
19:00 of 1st period - Icing by Cedric Paquette.
19:01 of 1st period - Nate Thompson wins face-off versus Nico Hischier in OAKLAND GORILLAS zone.
19:22 of 1st period - Shot by Samuel Girard.
19:22 of 1st period - Shot Blocked by Deryk Engelland.
19:24 of 1st period - Shot by Jakob Chychrun.
19:24 of 1st period - Shot Misses the Net.
19:38 of 1st period - Shot by Jimmy Vesey.
19:38 of 1st period - Stopped by Martin Jones with a rebound.
Goals for this period are 0 for OAKLAND GORILLAS vs 2 for ANCHORAGE ACES.
Shots for this period are 6 for OAKLAND GORILLAS vs 11 for ANCHORAGE ACES.

2nd period


0:01 of 2nd period - Jordan Greenway wins face-off versus Tyler Bozak in neutral zone.
0:36 of 2nd period - Connor McDavid is hit by Filip Hronek and loses puck.
1:25 of 2nd period - Minor Penalty to Brandon Dubinsky for Holding.
1:26 of 2nd period - Boone Jenner wins face-off versus Connor McDavid in OAKLAND GORILLAS zone.
1:39 of 2nd period - Boone Jenner is hit by Chris Kreider and loses puck.
2:24 of 2nd period - Shot by Nico Hischier.
2:24 of 2nd period - Shot Misses the Net.
2:38 of 2nd period - Shot by Jacob Trouba.
2:38 of 2nd period - Stopped by Tristan Jarry without a rebound.
2:39 of 2nd period - Boone Jenner wins face-off versus Nathan MacKinnon in OAKLAND GORILLAS zone.
2:52 of 2nd period - Jakob Chychrun is hit by Frank Vatrano.
3:50 of 2nd period - Cal Clutterbuck is hit by Filip Hronek and loses puck.
4:06 of 2nd period - Off-side.
4:07 of 2nd period - Boone Jenner wins face-off versus Leon Draisaitl in neutral zone.
4:16 of 2nd period - Shot by Brady Tkachuk.
4:16 of 2nd period - Stopped by Martin Jones with a rebound.
4:53 of 2nd period - Jakob Silfverberg is hit by Jonas Brodin and loses puck.
5:45 of 2nd period - Shot by Nathan MacKinnon.
5:45 of 2nd period - Goal by Nathan MacKinnon - OAKLAND GORILLAS : 0 - ANCHORAGE ACES : 3.
5:46 of 2nd period - Tyler Bozak wins face-off versus Brandon Dubinsky in neutral zone.
6:19 of 2nd period - Shot by Tyler Bozak.
6:19 of 2nd period - Shot Blocked by Jakob Chychrun.
6:21 of 2nd period - Shot by Tyler Bozak.
6:21 of 2nd period - Shot Blocked by Brandon Dubinsky.
6:23 of 2nd period - Shot by Frank Vatrano.
6:23 of 2nd period - Stopped by Tristan Jarry without a rebound.
6:24 of 2nd period - Boone Jenner wins face-off versus Chris Kreider in OAKLAND GORILLAS zone.
6:46 of 2nd period - Shot by Boone Jenner.
6:46 of 2nd period - Stopped by Martin Jones without a rebound.
6:47 of 2nd period - Nathan MacKinnon wins face-off versus Nico Hischier in ANCHORAGE ACES zone.
6:47 of 2nd period - Nathan MacKinnon is hit by Nico Hischier.
7:27 of 2nd period - Shot by Connor McDavid.
7:27 of 2nd period - Stopped by Tristan Jarry without a rebound.
7:28 of 2nd period - Boone Jenner wins face-off versus Tyler Bozak in OAKLAND GORILLAS zone.
8:16 of 2nd period - Ryan Reaves is hit by Darnell Nurse and loses puck.
8:42 of 2nd period - Ivan Barbashev is hit by Darnell Nurse and loses puck.
9:42 of 2nd period - Icing by Jakob Chychrun.
9:43 of 2nd period - Leon Draisaitl wins face-off versus Nico Hischier in OAKLAND GORILLAS zone.
10:07 of 2nd period - Icing by Jimmy Vesey.
10:08 of 2nd period - Nate Thompson wins face-off versus Nico Hischier in OAKLAND GORILLAS zone.
12:41 of 2nd period - Off-side.
12:42 of 2nd period - Cedric Paquette wins face-off versus Josh Archibald in neutral zone.
13:00 of 2nd period - Minor Penalty to John Moore for Hooking.
13:01 of 2nd period - Connor McDavid wins face-off versus Boone Jenner in OAKLAND GORILLAS zone.
13:02 of 2nd period - Shot by Leon Draisaitl.
13:02 of 2nd period - Shot Misses the Net.
13:30 of 2nd period - Shot by Chris Kreider.
13:30 of 2nd period - Stopped by Tristan Jarry without a rebound.
13:31 of 2nd period - Nathan MacKinnon wins face-off versus Brady Tkachuk in OAKLAND GORILLAS zone.
14:15 of 2nd period - Shot by Nathan MacKinnon.
14:15 of 2nd period - Stopped by Tristan Jarry with a rebound.
14:17 of 2nd period - Shot by Frank Vatrano.
14:17 of 2nd period - Deflect By Nathan MacKinnon.
14:17 of 2nd period - Goal by Nathan MacKinnon - OAKLAND GORILLAS : 0 - ANCHORAGE ACES : 4.
14:17 of 2nd period - Louis Domingue enters game.
14:18 of 2nd period - Cedric Paquette wins face-off versus Nate Thompson in neutral zone.
14:27 of 2nd period - Shot by Ryan Suter.
14:27 of 2nd period - Stopped by Louis Domingue without a rebound.
14:28 of 2nd period - Nate Thompson wins face-off versus Jordan Greenway in OAKLAND GORILLAS zone.
14:31 of 2nd period - Shot by Ryan Suter.
14:31 of 2nd period - Stopped by Louis Domingue without a rebound.
14:32 of 2nd period - Cedric Paquette wins face-off versus Nate Thompson in OAKLAND GORILLAS zone.
14:36 of 2nd period - Off-side.
14:37 of 2nd period - Nico Hischier wins face-off versus Leon Draisaitl in neutral zone.
14:42 of 2nd period - Niklas Hjalmarsson is hit by Jimmy Vesey and loses puck.
15:11 of 2nd period - Shot by Chris Kreider.
15:11 of 2nd period - Stopped by Louis Domingue without a rebound.
15:12 of 2nd period - Boone Jenner wins face-off versus Nathan MacKinnon in OAKLAND GORILLAS zone.
15:33 of 2nd period - Shot by Joonas Donskoi.
15:33 of 2nd period - Deflect By Nathan MacKinnon.
15:33 of 2nd period - Stopped by Louis Domingue without a rebound.
15:34 of 2nd period - Tyler Bozak wins face-off versus Brandon Dubinsky in OAKLAND GORILLAS zone.
16:06 of 2nd period - Shot by Ryan Reaves.
16:06 of 2nd period - Shot Blocked by Ryan Suter.
16:32 of 2nd period - Shot by Connor McDavid.
16:32 of 2nd period - Shot Blocked by Ryan Reaves.
16:34 of 2nd period - Shot by Nathan MacKinnon.
16:34 of 2nd period - Shot Misses the Net.
16:36 of 2nd period - Shot by Nathan MacKinnon.
16:36 of 2nd period - Shot Misses the Net.
16:38 of 2nd period - Shot by Deryk Engelland.
16:38 of 2nd period - Stopped by Louis Domingue without a rebound.
16:39 of 2nd period - Leon Draisaitl wins face-off versus Nico Hischier in OAKLAND GORILLAS zone.
17:12 of 2nd period - Jimmy Vesey is hit by Ben Chiarot.
17:18 of 2nd period - Shot by Jordan Greenway.
17:18 of 2nd period - Stopped by Martin Jones without a rebound.
17:19 of 2nd period - Nathan MacKinnon wins face-off versus Boone Jenner in ANCHORAGE ACES zone.
17:19 of 2nd period - Connor McDavid is hit by Brady Tkachuk and loses puck.
17:28 of 2nd period - Shot by Boone Jenner.
17:28 of 2nd period - Stopped by Martin Jones with a rebound.
17:30 of 2nd period - Shot by Boone Jenner.
17:30 of 2nd period - Shot Misses the Net.
17:55 of 2nd period - Shot by Brady Tkachuk.
17:55 of 2nd period - Shot Blocked by Darnell Nurse.
17:57 of 2nd period - Shot by Boone Jenner.
17:57 of 2nd period - Shot Misses the Net.
18:09 of 2nd period - Shot by Cedric Paquette.
18:09 of 2nd period - Stopped by Martin Jones with a rebound.
18:17 of 2nd period - Shot by Wayne Simmonds.
18:17 of 2nd period - Stopped by Martin Jones without a rebound.
18:18 of 2nd period - Nico Hischier wins face-off versus Leon Draisaitl in ANCHORAGE ACES zone.
18:51 of 2nd period - Shot by Chris Kreider.
18:51 of 2nd period - Stopped by Louis Domingue with a rebound.
18:53 of 2nd period - Shot by Ben Chiarot.
18:53 of 2nd period - Stopped by Louis Domingue without a rebound.
18:54 of 2nd period - Boone Jenner wins face-off versus Tyler Bozak in OAKLAND GORILLAS zone.
18:54 of 2nd period - Boone Jenner is hit by Josh Archibald.
19:05 of 2nd period - Boone Jenner is hit by Jacob Trouba and loses puck.
19:33 of 2nd period - Shot by Frank Vatrano.
19:33 of 2nd period - Deflect By Tyler Bozak.
19:33 of 2nd period - Shot Misses the Net.
19:35 of 2nd period - Shot by Ryan Suter.
19:35 of 2nd period - Shot Misses the Net.
19:38 of 2nd period - Josh Archibald is hit by Samuel Girard and loses puck.
Goals for this period are 0 for OAKLAND GORILLAS vs 2 for ANCHORAGE ACES.
Shots for this period are 6 for OAKLAND GORILLAS vs 14 for ANCHORAGE ACES.

3rd period


0:01 of 3rd period - Jimmy Vesey wins face-off versus Nathan MacKinnon in neutral zone.
0:20 of 3rd period - Shot by Nico Hischier.
0:20 of 3rd period - Stopped by Martin Jones with a rebound.
0:22 of 3rd period - Shot by Jakob Chychrun.
0:22 of 3rd period - Goal by Jakob Chychrun - OAKLAND GORILLAS : 1 - ANCHORAGE ACES : 4.
0:23 of 3rd period - Boone Jenner wins face-off versus Leon Draisaitl in neutral zone.
0:30 of 3rd period - Shot by James Neal.
0:30 of 3rd period - Stopped by Martin Jones with a rebound.
0:51 of 3rd period - Jakob Silfverberg is hit by Filip Hronek and loses puck.
1:22 of 3rd period - Icing by Deryk Engelland.
1:23 of 3rd period - Leon Draisaitl wins face-off versus Nico Hischier in ANCHORAGE ACES zone.
1:25 of 3rd period - Chris Kreider is hit by Jordan Greenway and loses puck.
1:39 of 3rd period - Nathan MacKinnon is hit by Jonas Brodin and loses puck.
1:54 of 3rd period - Shot by Joonas Donskoi.
1:54 of 3rd period - Shot Blocked by Jakob Chychrun.
1:56 of 3rd period - Shot by Ben Chiarot.
1:56 of 3rd period - Stopped by Louis Domingue without a rebound.
1:57 of 3rd period - Brandon Dubinsky wins face-off versus Tyler Bozak in OAKLAND GORILLAS zone.
1:57 of 3rd period - Brandon Dubinsky is hit by Josh Archibald.
2:18 of 3rd period - Shot by Frank Vatrano.
2:18 of 3rd period - Stopped by Louis Domingue without a rebound.
2:19 of 3rd period - Nathan MacKinnon wins face-off versus Boone Jenner in OAKLAND GORILLAS zone.
2:29 of 3rd period - Nathan MacKinnon is hit by Jakob Chychrun and loses puck.
3:02 of 3rd period - Shot by Brady Tkachuk.
3:02 of 3rd period - Stopped by Martin Jones without a rebound.
3:03 of 3rd period - Leon Draisaitl wins face-off versus Nico Hischier in ANCHORAGE ACES zone.
4:41 of 3rd period - Icing by John Moore.
4:42 of 3rd period - Nathan MacKinnon wins face-off versus Nico Hischier in OAKLAND GORILLAS zone.
4:53 of 3rd period - Shot by Nathan MacKinnon.
4:53 of 3rd period - Shot Misses the Net.
4:55 of 3rd period - Shot by Joonas Donskoi.
4:55 of 3rd period - Shot Misses the Net.
5:15 of 3rd period - Shot by Joonas Donskoi.
5:15 of 3rd period - Shot Misses the Net.
5:39 of 3rd period - Shot by Leon Draisaitl.
5:39 of 3rd period - Goal by Leon Draisaitl - OAKLAND GORILLAS : 1 - ANCHORAGE ACES : 5.
5:40 of 3rd period - Boone Jenner wins face-off versus Leon Draisaitl in neutral zone.
6:01 of 3rd period - Shot by Brady Tkachuk.
6:01 of 3rd period - Shot Blocked by Jakob Silfverberg.
6:38 of 3rd period - Icing by Leon Draisaitl.
6:39 of 3rd period - Brandon Dubinsky wins face-off versus Leon Draisaitl in ANCHORAGE ACES zone.
6:39 of 3rd period - Ryan Reaves is hit by Deryk Engelland and loses puck.
7:00 of 3rd period - Shot by Ryan Reaves.
7:00 of 3rd period - Shot Misses the Net.
7:27 of 3rd period - Brady Tkachuk is hit by Darnell Nurse and loses puck.
8:56 of 3rd period - Shot by Boone Jenner.
8:56 of 3rd period - Shot Misses the Net.
8:58 of 3rd period - Shot by Jonas Brodin.
8:58 of 3rd period - Shot Misses the Net.
9:00 of 3rd period - Shot by Jonas Brodin.
9:00 of 3rd period - Shot Misses the Net.
9:16 of 3rd period - Shot by Jimmy Vesey.
9:16 of 3rd period - Stopped by Martin Jones without a rebound.
9:17 of 3rd period - Tyler Bozak wins face-off versus Nico Hischier in ANCHORAGE ACES zone.
9:40 of 3rd period - Shot by Frank Vatrano.
9:40 of 3rd period - Shot Misses the Net.
9:43 of 3rd period - Icing by John Moore.
9:44 of 3rd period - Nico Hischier wins face-off versus Andrew Cogliano in OAKLAND GORILLAS zone.
10:05 of 3rd period - Shot by Cal Clutterbuck.
10:05 of 3rd period - Shot Misses the Net.
10:07 of 3rd period - Shot by Ryan Suter.
10:07 of 3rd period - Stopped by Louis Domingue without a rebound.
10:08 of 3rd period - Jakob Silfverberg wins face-off versus Brandon Dubinsky in OAKLAND GORILLAS zone.
10:15 of 3rd period - Shot by Jakob Silfverberg.
10:15 of 3rd period - Shot Blocked by Jonas Brodin.
10:38 of 3rd period - Shot by Jakob Silfverberg.
10:38 of 3rd period - Shot Blocked by Jonas Brodin.
11:49 of 3rd period - Shot by Cedric Paquette.
11:49 of 3rd period - Stopped by Martin Jones without a rebound.
11:50 of 3rd period - Nico Hischier wins face-off versus Nathan MacKinnon in ANCHORAGE ACES zone.
11:55 of 3rd period - Shot by Jimmy Vesey.
11:55 of 3rd period - Shot Blocked by Ben Chiarot.
12:03 of 3rd period - Shot by Nico Hischier.
12:03 of 3rd period - Shot Blocked by Niklas Hjalmarsson.
13:09 of 3rd period - Shot by Leon Draisaitl.
13:09 of 3rd period - Stopped by Louis Domingue without a rebound.
13:10 of 3rd period - Boone Jenner wins face-off versus Tyler Bozak in OAKLAND GORILLAS zone.
13:10 of 3rd period - Boone Jenner is hit by Tyler Bozak.
13:15 of 3rd period - James Neal is hit by Ryan Suter and loses puck.
14:08 of 3rd period - Wayne Simmonds is hit by Ryan Suter.
14:09 of 3rd period - Minor Penalty to Jacob Trouba for Boarding.
14:10 of 3rd period - Nico Hischier wins face-off versus Cal Clutterbuck in ANCHORAGE ACES zone.
14:35 of 3rd period - Shot by Filip Hronek.
14:35 of 3rd period - Stopped by Martin Jones with a rebound.
14:37 of 3rd period - Shot by Samuel Girard.
14:37 of 3rd period - Shot Misses the Net.
15:01 of 3rd period - Shot by Jimmy Vesey.
15:01 of 3rd period - Shot Misses the Net.
16:39 of 3rd period - Minor Penalty to Jakob Chychrun for Hooking.
16:40 of 3rd period - Leon Draisaitl wins face-off versus Boone Jenner in OAKLAND GORILLAS zone.
16:51 of 3rd period - Shot by Chris Kreider.
16:51 of 3rd period - Stopped by Louis Domingue without a rebound.
16:52 of 3rd period - Nathan MacKinnon wins face-off versus Boone Jenner in OAKLAND GORILLAS zone.
17:07 of 3rd period - Shot by Nathan MacKinnon.
17:07 of 3rd period - Goal by Nathan MacKinnon - OAKLAND GORILLAS : 1 - ANCHORAGE ACES : 6.
17:08 of 3rd period - Leon Draisaitl wins face-off versus Brandon Dubinsky in neutral zone.
17:27 of 3rd period - Shot by Leon Draisaitl.
17:27 of 3rd period - Shot Misses the Net.
17:29 of 3rd period - Shot by Jacob Trouba.
17:29 of 3rd period - Shot Misses the Net.
17:45 of 3rd period - Shot by Leon Draisaitl.
17:45 of 3rd period - Stopped by Louis Domingue with a rebound.
17:47 of 3rd period - Shot by Jakob Silfverberg.
17:47 of 3rd period - Stopped by Louis Domingue without a rebound.
17:48 of 3rd period - Nathan MacKinnon wins face-off versus Cedric Paquette in OAKLAND GORILLAS zone.
17:53 of 3rd period - Shot by Joonas Donskoi.
17:53 of 3rd period - Stopped by Louis Domingue with a rebound.
17:55 of 3rd period - Shot by Connor McDavid.
17:55 of 3rd period - Stopped by Louis Domingue without a rebound.
17:56 of 3rd period - Cedric Paquette wins face-off versus Nathan MacKinnon in OAKLAND GORILLAS zone.
18:07 of 3rd period - Shot by Cedric Paquette.
18:07 of 3rd period - Stopped by Martin Jones without a rebound.
18:08 of 3rd period - Boone Jenner wins face-off versus Nate Thompson in ANCHORAGE ACES zone.
18:08 of 3rd period - Brady Tkachuk is hit by Darnell Nurse and loses puck.
18:32 of 3rd period - Minor Penalty to Nate Thompson for Hooking.
18:33 of 3rd period - Tyler Bozak wins face-off versus Jordan Greenway in ANCHORAGE ACES zone.
18:33 of 3rd period - Tyler Bozak is hit by Brady Tkachuk.
19:10 of 3rd period - Shot by Brady Tkachuk.
19:10 of 3rd period - Shot Blocked by Ben Chiarot.
19:12 of 3rd period - Shot by John Moore.
19:12 of 3rd period - Shot Blocked by Jakob Silfverberg.
19:35 of 3rd period - Shot by Nico Hischier.
19:35 of 3rd period - Shot Misses the Net.
19:36 of 3rd period - Minor Penalty to Cedric Paquette for Interference.
19:37 of 3rd period - Nathan MacKinnon wins face-off versus James Neal in OAKLAND GORILLAS zone.
Goals for this period are 1 for OAKLAND GORILLAS vs 2 for ANCHORAGE ACES.
Shots for this period are 8 for OAKLAND GORILLAS vs 11 for ANCHORAGE ACES.


CAMERON
TALBOT
ROBERT
THOMAS
JOSHUA
MORRISSEY

EAST COAST

HOCKEY LEAGUE

  • 5.MAN2PIT5
  • 6.NHW2ATL6
  • 7.PET2WOR3
  • 8.RHI15
  • 9.CHIQUE
  • 10.LIMCHA
  • 11.LONTRV
  • 12.BALCHW